[Event "Mitropa Cup Women 2022"]
[Site "Corte"]
[Date "2022.05.05"]
[Round "6.8"]
[White "Koubova, Anna Marie"]
[Black "Froewis, Annika"]
[Result "1-0"]
[ECO "D35"]
[WhiteElo "2115"]
[BlackElo "2090"]
[Annotator "TA"]
[PlyCount "89"]
[EventDate "2022.04.30"]
[EventType "team-tourn"]
[EventCountry "FRA"]
[SourceTitle "playchess.com"]
[Source "ChessBase"]
[SourceQuality "1"]
[WhiteTeam "Czech Republic"]
[BlackTeam "Austria"]
[WhiteTeamCountry "CZE"]
[BlackTeamCountry "AUT"]
[TimeControl "40/5400+30:1800+30"]

1. d4 d5 2. c4 e6 3. Nc3 Nf6 4. cxd5 exd5 5. Bg5 Be7 6. e3 c6 7. Bd3 Nbd7 {[%emt 0:00:19] 7...Nbd7 is better than 7...0-0.} 8. h3 {[%emt 0:00:26] D35: Queen's Gambit Declined: Exchange Variation.} O-O 9. Qc2 g6 10. Nf3 {[%emt 0:01:50] [#] White has an edge.} b5 $146 ({Predecessor:} 10... Re8 11. Bf4 a6 12. O-O Nf8 13. Rab1 Ne6 14. Bh2 Ng7 15. Qb3 Ra7 16. Bb8 Ra8 {1-0 (67) Maletin,P (2578)-Lugovskoy,M (2401) Taganrog 2015}) 11. O-O Nh5 (11... Re8 $11 {might be stronger.}) 12. Bxe7 $14 {[%emt 0:19:40] White is more active.} Qxe7 13. Rfe1 f5 {[%emt 0:11:33] Against e4} 14. a4 b4 15. Na2 Rf6 16. Qb3 (16. a5 $16) 16... a5 17. e4 fxe4 18. Rxe4 Qd6 19. Rae1 {[%emt 0:05:12] [#]} (19. Re8+ $11 {remains equal.} Nf8 20. Ba6 Rxa6 21. Rxc8) 19... Nf4 (19... Rxf3 $1 $17 20. gxf3 Ndf6) 20. Re8+ Nf8 21. Bf1 ({White has to play} 21. Ng5 $16 {And now Ne4 would win.} Kh8 22. Bf1 (22. R1e7 Nxh3+ 23. Nxh3 Bxh3 $14)) 21... Bb7 {[%emt 0:03:30] [#]} (21... N4e6 $1 $15 {stays ahead.} 22. Nc1 Kf7 23. R8xe6 Nxe6) 22. Rxa8 $1 $16 Bxa8 23. Qe3 Bb7 (23... Nd7 $14) 24. Nc1 $18 Bc8 (24... N4e6 {was called for.} 25. Nb3 Qc7) 25. Nb3 Qc7 26. Qe5 Qg7 (26... Rf7 $142 27. Qxc7 Rxc7 28. Nxa5 c5) 27. Nfd2 (27. Nxa5 $142 {Threatens to win with Qb8.} Bd7 28. Re3) 27... g5 28. Qe7 (28. Re3 $18) 28... Qg6 (28... Rf7 $16 29. Qe3 N8g6 30. Qe8+ (30. Nxa5 $2 Re7 $19) 30... Rf8) 29. Qe8 (29. Qd8 $18 Bf5 30. Re3 (30. Qxa5 Bd3 $11) (30. Nxa5 Bc2 $16)) 29... Qf5 $16 30. Qe5 (30. Nxa5 $2 {[#]} Nxh3+ $1 31. gxh3 Qxf2+ 32. Kh1 Qxd2 $19) 30... Nxh3+ (30... Qxe5 $16 {is a better defense.} 31. Rxe5 (31. dxe5 Rf7 $14) 31... N8e6) 31. gxh3 $18 Qxf2+ 32. Kh1 {[%emt 0:00:08] Strongly threatening Re2.} Rf5 33. Qe3 Qh4 34. Re2 $2 ({Resist} 34. Nxa5 $6 Rf6 $18) (34. Bg2 $18) 34... Ne6 $2 {[%emt 0:00:34] Black cannot hold the game after this.} ({Better is} 34... Ba6 $1 $14) 35. Nf3 ({But not} 35. Nxa5 $6 Nxd4 36. Rg2 h6) 35... Qh5 36. Nh2 Bd7 37. Nc5 Nxc5 38. dxc5 d4 39. Qb3+ Kf8 (39... Qf7 $142 40. Qd1 Rf4) 40. Qd3 {[%emt 0:00:34] Hoping for Re1.} g4 $2 (40... Rf7 41. Bg2 Rf4) 41. Qxd4 {[%emt 0:06:49] White is clearly winning.} g3 42. Qd6+ Kg8 43. Qxg3+ Qg6 44. Qxg6+ hxg6 45. Re7 {[%emt 0:00:17] Weighted Error Value: White=0.46/Black=0.66} 1-0

[Event "Mitropa Cup Women 2022"]
[Site "Corte"]
[Date "2022.05.06"]
[Round "7.1"]
[White "Guichard, Pauline"]
[Black "Cvitan, Ena"]
[Result "1-0"]
[ECO "A61"]
[WhiteElo "2377"]
[BlackElo "2251"]
[Annotator "TA"]
[PlyCount "123"]
[EventDate "2022.04.30"]
[EventType "team-tourn"]
[EventCountry "FRA"]
[SourceTitle "playchess.com"]
[Source "ChessBase"]
[SourceQuality "1"]
[WhiteTeam "France"]
[BlackTeam "Croatia"]
[WhiteTeamCountry "FRA"]
[BlackTeamCountry "CRO"]
[TimeControl "40/5400+30:1800+30"]

1. d4 Nf6 2. c4 e6 3. Nc3 c5 4. d5 exd5 5. cxd5 d6 6. Nf3 g6 7. Bf4 Bg7 8. e3 {[%emt 0:00:19] A61: Modern Benoni: Nf3 without early e4.} O-O 9. Be2 a6 10. a4 $1 {[%emt 0:00:37] White is slightly better.} Nh5 11. Bg5 f6 12. Bh4 {[%emt 0:02:59] White is more active.} g5 {[%emt 0:00:55] [#]} 13. Nd2 gxh4 14. Bxh5 Nd7 15. O-O f5 {[%emt 0:00:34] [#]} 16. Ne2 $146 ({Predecessor:} 16. Nc4 Ne5 17. Nxe5 Bxe5 18. f4 Bg7 19. Be2 Rb8 20. Bd3 Bd7 21. e4 Qb6 22. Kh1 Qxb2 {0-1 (31) Blanco Acevedo,C (2385)-Ismagambetov,A (2476) Moscow 2012}) 16... Ne5 (16... Bxb2 $11 17. Ra2 Be5) 17. Nf4 Rb8 18. Qc2 Kh8 19. Be2 Qe7 20. Ra3 b5 21. axb5 axb5 22. Rfa1 Ng6 {[%emt 0:05:57] ...Nxf4 is the strong threat.} 23. Ra7 Rb7 24. Rxb7 Qxb7 25. Bf3 Be5 26. g3 Nxf4 (26... Rg8 $5 ) 27. exf4 Bd4 (27... Bf6 $11) 28. Nb3 $16 Bf6 29. Na5 $1 Qg7 30. Nc6 Bxb2 31. Rb1 (31. Ra7 $1 $14 Qc3 32. Qe2) 31... Bd4 $15 32. Nxd4 Qxd4 33. Rxb5 Ba6 $1 34. Ra5 (34. Rb3 $1 $15) 34... Bd3 $19 35. Qa2 Qc3 $2 (35... h3 $1 $19 {Hoping for ...Qc3.} 36. Ra8 Qc3 37. Rxf8+ Kg7 38. Qa7+ Kh6 39. Rf6+ Qxf6) 36. Kg2 $1 $11 (36. Qa1 $2 Qxa1+ 37. Rxa1 h3 $19) 36... Be4 37. Bxe4 fxe4 {[%emt 0:00:00][%mdl 4096] Endgame KQR-KQR} 38. Ra3 $36 {[%emt 0:01:05][%mdl 2048] White is pushing.} Qd4 (38... Qg7 $11) 39. Ra4 $16 Qd3 (39... Qd1 $16) 40. Qb2+ $1 $18 Kg8 41. Ra7 {[%emt 0:05:40][%csl Ga7][%cal Rb2g7] Dancing on a razor blade.} Rf7 {[%emt 0:03:13] [#] Against Qg7+} 42. Ra8+ $1 (42. Qb8+ Kg7 $18) 42... Rf8 43. Rxf8+ Kxf8 {[%emt 0:00:02] [#] KQ-KQ} 44. Qf6+ $2 ({White has to play} 44. Qh8+ $1 $18 Ke7 45. Qxh7+ Kd8 46. Qxh4+ Kc8 47. Qg4+ Kc7 48. f5) 44... Kg8 $11 45. Qe6+ (45. Qxd6 hxg3 46. Qd8+ (46. hxg3 Qf3+ 47. Kg1 Qd1+ 48. Kh2 Qh5+ 49. Kg2 Qf3+ 50. Kg1 Qd1+ 51. Kh2 Qh5+ 52. Kg2 Qf3+ $11) 46... Kf7 47. Qc7+ (47. fxg3 Qf3+ 48. Kh3 Qh5+ 49. Kg2 Qf3+ 50. Kh3 Qh5+ 51. Kg2 Qf3+ $11) 47... Kg6 48. Qd6+ (48. hxg3 Qf3+ 49. Kg1 Qd1+ 50. Kg2 Qf3+ 51. Kg1 Qd1+ 52. Kh2 Qxd5 $11) 48... Kf7 49. Qe6+ (49. hxg3 Qf3+ 50. Kh2 Qh5+ 51. Kg2 Qf3+ 52. Kh3 Qh5+ 53. Kg2 Qf3+ $11) 49... Kf8 50. Qf5+ (50. hxg3 Qf3+ 51. Kh3 Qh5+ 52. Kg2 Qf3+ 53. Kh3 Qh5+ 54. Kg2 Qf3+ $11) 50... Ke7 51. fxg3 (51. hxg3 Qf3+ 52. Kg1 Qd1+ 53. Kh2 Qf3 $16) 51... Qe2+ 52. Kh3 h5 53. Qe5+ Kd7) 45... Kg7 46. Qxd6 Qf3+ $1 47. Kh3 hxg3 48. Qe5+ Kf7 49. Qf5+ Kg7 $2 (49... Ke7 $11 50. hxg3 h5 51. Qe5+ Kd8 52. Qh8+ Ke7 53. Qg7+ Ke8 54. Qg8+ Kd7 55. Qg7+ Ke8) 50. fxg3 $18 {[%emt 0:03:20] d6 would kill now.} e3 51. d6 {[%emt 0:02:08] Threatening mate with d7.} Qf1+ 52. Kh4 Qf2 53. h3 Qd2 54. Qg5+ Kf7 55. Qe7+ Kg6 56. d7 e2 57. Qe6+ ({Inferior is} 57. f5+ Kxf5 58. g4+ Kg6 59. Qe6+ Kg7 60. Qe5+ Kf7 61. Qe8+ Kg7 62. Qe5+ Kf7 63. Qe8+ Kg7 64. Qe5+ $11) 57... Kg7 58. Qe7+ Kg6 59. d8=Q {[%emt 0:00:05] White mates.} ({Weaker is} 59. f5+ Kxf5 60. g4+ Kg6 61. Qe6+ Kg7 62. Qe7+ Kg6 63. Qe4+ Kh6 64. Qe6+ Kg7 65. Qe5+ Kf7 66. Qe8+ Kg7 67. Qe7+ Kg6 $11) 59... Qxd8 60. Qxd8 e1=Q 61. Qg8+ Kf6 62. Qf8+ {[%emt 0:00:07] White used his chance.  Weighted Error Value: White=0.26 (precise) /Black=0.45} 1-0

[Event "Mitropa Cup Women 2022"]
[Site "Corte"]
[Date "2022.05.06"]
[Round "7.1"]
[White "Unuk, Laura"]
[Black "Exler, Veronika"]
[Result "1-0"]
[ECO "B15"]
[WhiteElo "2338"]
[BlackElo "2121"]
[Annotator "TA"]
[PlyCount "105"]
[EventDate "2022.04.30"]
[EventType "team-tourn"]
[EventCountry "FRA"]
[SourceTitle "playchess.com"]
[Source "ChessBase"]
[SourceQuality "1"]
[WhiteTeam "Slovenia"]
[BlackTeam "Austria"]
[WhiteTeamCountry "SLO"]
[BlackTeamCountry "AUT"]
[TimeControl "40/5400+30:1800+30"]

1. e4 c6 2. d4 d5 3. Nc3 dxe4 4. Nxe4 Nf6 5. Nxf6+ exf6 6. c3 Bd6 7. Bd3 O-O 8. Qc2 {[%emt 0:00:17] Active counter play!} Re8+ {[%emt 0:00:05] B15: Caro-Kann: 3 Nc3: 3...g6 and 3...dxe4 4 Nxe4 Nf6 5 Nxf6+ exf6.} 9. Ne2 h5 10. Be3 Nd7 {[%emt 0:00:49] The position is equal.} 11. O-O-O Nf8 12. Kb1 Be6 13. c4 Rc8 14. a3 b5 15. c5 Bb8 16. Nc3 Qa5 {[%emt 0:32:19] [#]} 17. d5 $146 ({Predecessor:} 17. Bd2 Qd8 18. Bc1 Qe7 19. Rhe1 a5 20. d5 cxd5 21. Bxb5 Red8 22. Nxd5 Rxd5 23. Rxd5 {1-0 (53) Mammadzada,G (2459)-Peng,Z (2351) Terme Catez 2021}) 17... Bxd5 (17... cxd5 $11 18. Nxb5 (18. Bxb5 Red8 $11) 18... Bd7) 18. Nxd5 $14 cxd5 19. Qb3 Red8 {[%emt 0:26:14] Black is on the road to losing.} ({Not} 19... Rxe3 20. fxe3 Rxc5 21. Rc1 Rxc1+ 22. Rxc1 $16) ({Black should play} 19... Be5 $14) 20. Bf5 $36 {[%emt 0:13:08][%mdl 2048] White has strong initiative.} ({But not} 20. Bxb5 $6 Ne6 $11) 20... Ne6 21. Rxd5 Rxd5 22. Qxd5 Rd8 23. Qe4 Nf8 (23... Qc7 $16 {might work better.}) 24. g4 $1 $18 hxg4 (24... g6 $2 25. gxh5 $1 Qa4 26. Qxa4 bxa4 27. hxg6 $18) 25. Qxg4 ({Don't do} 25. Bxg4 a6 26. h4 Qc7 $16) 25... Be5 26. h4 {[%emt 0:02:34] Rg1 is the strong threat.} Qa4 {[%emt 0:01:00] [#]} 27. Qxa4 $1 bxa4 28. Rc1 Rb8 29. Rc2 Ne6 (29... g6 $142) 30. c6 a5 31. Ba7 {[%emt 0:02:32] A strong pair of Bishops.} Ra8 32. Bb6 Bc7 33. Bxc7 Nxc7 {[%emt 0:00:02][%mdl 4096] Endgame KRB-KRN} 34. Rc4 Kf8 35. Rxa4 g6 36. Be4 Re8 37. Kc2 f5 $2 (37... Re5 38. Kd2 Rb5) 38. Bf3 Re5 39. Rd4 Ne6 40. Rd7 {[%emt 0:01:08] Strongly threatening b4.} Rc5+ 41. Kd2 Ke8 $2 (41... a4 42. h5 gxh5 43. Bxh5 Rxc6 44. Rxf7+ Kg8) 42. b4 axb4 43. axb4 Rc4 44. b5 {[%emt 0:01:52] And now b6 would win.} Rb4 45. Rb7 Rb2+ 46. Kc1 Rxf2 47. Bd5 {[%emt 0:00:00] Hoping for Bxe6.} Rf4 48. b6 {[%emt 0:00:00] Threatening mate with Bxe6.} Rxh4 49. Bxe6 {[%emt 0:00:00] White mates.} fxe6 50. Rb8+ Ke7 51. c7 Rc4+ 52. Kd2 Kd7 53. Rd8+ {[%emt 0:00:00] Weighted Error Value: White=0.10 (very precise) /Black=0.39} 1-0

[Event "Mitropa Cup Women 2022"]
[Site "Corte"]
[Date "2022.05.06"]
[Round "7.1"]
[White "Schulze, Lara"]
[Black "Borosova, Zuzana"]
[Result "0-1"]
[ECO "C50"]
[WhiteElo "2303"]
[BlackElo "2265"]
[Annotator "TA"]
[PlyCount "78"]
[EventDate "2022.04.30"]
[EventType "team-tourn"]
[EventCountry "FRA"]
[SourceTitle "playchess.com"]
[Source "ChessBase"]
[SourceQuality "1"]
[WhiteTeam "Germany"]
[BlackTeam "Slovakia"]
[WhiteTeamCountry "GER"]
[BlackTeamCountry "SVK"]
[TimeControl "40/5400+30:1800+30"]

1. e4 e5 2. Nf3 Nc6 3. Bc4 Nf6 4. d3 Bc5 5. Nc3 a6 6. Bg5 h6 7. Bxf6 Qxf6 8. Nd5 Qd8 9. c3 d6 10. d4 exd4 11. cxd4 Ba7 12. h3 b5 {[%emt 0:24:43] C50: Hungarian Defence and Giuoco Pianissimo.} 13. Bb3 Ne7 {[%emt 0:04:23] [#]} 14. Nxe7 $146 ({Predecessor:} 14. Qc2 Nxd5 15. Bxd5 Rb8 16. Rc1 Bb6 17. O-O O-O 18. Bb3 Qf6 19. e5 dxe5 20. dxe5 {0-1 (30) Zydek,J-Haciuk,A Mielno 2011}) 14... Qxe7 {[%emt 0:00:04] The position is equal.} 15. Bd5 Rb8 16. Bc6+ Bd7 17. Qc2 O-O 18. O-O Bxc6 19. Qxc6 Rb6 20. Qc2 c5 21. Rfe1 Rb7 22. Qd2 Bb6 23. Rac1 Rd8 24. g3 Qf6 25. Kg2 Re7 26. Rcd1 cxd4 27. Nxd4 {[%emt 0:06:25] Hoping for Nc6.} Rde8 ({Much less strong is} 27... d5 28. e5 Qg6 29. Rc1 Bxd4 30. Qxd4 $14) 28. Nf5 (28. Nf3 $1 $11 {keeps the balance.}) 28... Rxe4 $17 29. Rxe4 Rxe4 30. Qxd6 {[%emt 0:00:16] [#]} Re6 31. Qf4 Qxb2 32. Rd2 Qc3 33. Kh2 (33. Qb8+ $142 Kh7 34. Qf8) 33... Bc7 34. Qg4 Qf6 35. Rd7 Bb6 {[%emt 0:00:15] aiming for ...Re5.} 36. Qf3 Kh7 37. Qf4 (37. Kg2 $17) 37... Re2 $19 38. Ne3 $2 {[%emt 0:00:40] [#]} (38. Rd6 $19 Bxf2 39. Rxf6 Be3+ 40. Kh1 Bxf4 41. Rxa6) 38... Qxf4 (38... Rxf2+ $142 39. Ng2 Rxf4 40. Nxf4 Qb2+ 41. Ng2 Qb1 42. Ne3 Bxe3 43. Kg2 f5 44. Rd2 Qg1+ 45. Kf3 Bxd2 46. Ke2 Qe1+ 47. Kd3 Bc3 48. Kc2 Qd2+ 49. Kb3 Qb2#) 39. gxf4 Bxe3 {[%emt 0:00:07] Weighted Error Value: White=0.44/Black=0.26 (precise)} 0-1

[Event "Mitropa Cup Women 2022"]
[Site "Corte"]
[Date "2022.05.06"]
[Round "7.2"]
[White "Berke, Ana"]
[Black "Navrotescu, Andreea"]
[Result "1-0"]
[ECO "C90"]
[WhiteElo "2150"]
[BlackElo "2318"]
[Annotator "TA"]
[PlyCount "71"]
[EventDate "2022.04.30"]
[EventType "team-tourn"]
[EventCountry "FRA"]
[SourceTitle "playchess.com"]
[Source "ChessBase"]
[SourceQuality "1"]
[WhiteTeam "Croatia"]
[BlackTeam "France"]
[WhiteTeamCountry "CRO"]
[BlackTeamCountry "FRA"]
[TimeControl "40/5400+30:1800+30"]

1. e4 e5 2. Nf3 Nc6 3. Bb5 a6 4. Ba4 Nf6 5. d3 b5 6. Bb3 Be7 7. c3 O-O 8. O-O d6 9. Re1 Na5 10. Bc2 c5 11. Nbd2 Nc6 12. Nf1 h6 13. h3 {[%emt 0:00:31] C90: Closed Ruy Lopez with 7...d6: Early deviations.} Qc7 14. Ng3 d5 {[%emt 0:10:33] [#]} 15. Nh4 $146 {[%emt 0:07:36] The position is equal.} ({Predecessor:} 15. Qe2 d4 16. Nh4 Re8 17. Ngf5 Bxf5 18. Nxf5 Bf8 19. Qf3 Qd8 20. g4 Nh7 21. Qg3 {½-½ (62) Potocki,K (1851)-Wrabel,A (1887) Warsaw 2009}) 15... Rd8 16. exd5 Rxd5 (16... Nxd5 $11 17. Nhf5 Bf8) 17. Qf3 $16 e4 $2 (17... Be6 $16) 18. dxe4 $18 (18. Nxe4 $6 Ne5 19. Qe2 Ne8 $16) 18... Ne5 19. Qe2 Rd8 20. f4 Nc6 21. Nhf5 {[%emt 0:02:16] e5 is the strong threat.} Bf8 22. e5 Nd5 23. Qe4 {[%emt 0:01:09][%cal Of5h6] White threatens Nxh6+! and mate.} g6 24. Nh4 {[%emt 0:01:24] Black must now prevent f5.} Bg7 $2 {[%emt 0:04:16] [#]} (24... Qe7) 25. Nxg6 $1 fxg6 26. Qxg6 Nde7 (26... c4 $142 27. Nh5 Qf7 28. Qxc6 Bd7) 27. Qh7+ Kf8 28. Nh5 Ng8 29. e6 Qe7 30. Bg6 {[%emt 0:11:21] Strongly threatening Bf7.} Nf6 31. Nxf6 ({Not} 31. Qxg7+ Qxg7 32. Nxg7 Kxg7 $16) 31... Qxf6 32. Be3 ({Weaker is} 32. Bf7 Ra7 $14) 32... Bxe6 (32... Rd5 $18 33. Be4 (33. Bf7 Ne7 $16) 33... Bxe6) 33. Bxc5+ {[%emt 0:01:14] White mates.} Ne7 34. f5 Bg8 {[%emt 0:00:23] [#]} 35. Rxe7 $1 Bxh7 (35... Qxe7 36. Bxe7+) 36. Re8# $1 {Black got outplayed after the opening.  Weighted Error Value: White=0.23 (precise) /Black=0.60} 1-0

[Event "Mitropa Cup Women 2022"]
[Site "Corte"]
[Date "2022.05.06"]
[Round "7.2"]
[White "Trippold, Denise"]
[Black "Janzelj, Lara"]
[Result "1/2-1/2"]
[ECO "A05"]
[WhiteElo "2147"]
[BlackElo "2191"]
[Annotator "TA"]
[PlyCount "74"]
[EventDate "2022.04.30"]
[EventType "team-tourn"]
[EventCountry "FRA"]
[SourceTitle "playchess.com"]
[Source "ChessBase"]
[SourceQuality "1"]
[WhiteTeam "Austria"]
[BlackTeam "Slovenia"]
[WhiteTeamCountry "AUT"]
[BlackTeamCountry "SLO"]
[TimeControl "40/5400+30:1800+30"]

1. Nf3 Nf6 2. c4 e6 3. e3 d5 4. Nc3 Be7 5. b3 O-O 6. Bb2 b6 7. cxd5 exd5 8. d4 Bb7 9. Bd3 Nbd7 10. O-O Re8 11. Ne5 {[%emt 0:06:47] E14: Queen's Indian: Classical Variation (4 e3).} Bd6 12. f4 c5 13. Qf3 {[%emt 0:06:15] White is slightly better.} Nf8 {[%emt 0:00:46] [#]} 14. Bb5 $146 ({Predecessor:} 14. Rad1 cxd4 15. exd4 Ne6 16. Ne2 a5 17. Ng3 Ba6 18. Nf5 Bxd3 19. Rxd3 a4 20. Qh3 {1-0 (31) Kovalenko,I (2656)-Skliarov,V (2304) Lutsk 2015}) 14... Re6 $1 15. Rad1 Rc8 16. Bd3 Re8 17. Bf5 Ne6 18. Ne2 Ba6 19. dxc5 Bxc5 20. Nd3 Bf8 21. Ne5 Rc7 22. Rc1 Bc5 23. Kh1 Qe7 24. Rfd1 Bb7 (24... g6 $5 25. Ng3 Bb7 $11) 25. Nd4 Bxd4 26. Bxd4 Rec8 27. Rxc7 Rxc7 28. h3 Nxd4 (28... h6 {feels hotter.} 29. Qg3 Nxd4 30. exd4 Bc8) 29. exd4 Qa3 30. Qf2 Rc1 31. Rxc1 Qxc1+ 32. Kh2 Ne4 33. Bxh7+ Kxh7 {The position is equal.} 34. Qh4+ Kg8 35. Qd8+ Kh7 36. Qh4+ Kg8 37. Qd8+ Kh7 {[%emt 0:00:03] Weighted Error Value: White=0.12 (very precise) /Black=0.11 (very precise)} 1/2-1/2

[Event "Mitropa Cup Women 2022"]
[Site "Corte"]
[Date "2022.05.06"]
[Round "7.2"]
[White "Nadzamova, Viktoria"]
[Black "Bashylina, Luisa"]
[Result "0-1"]
[ECO "B90"]
[WhiteElo "2135"]
[BlackElo "1981"]
[Annotator "TA"]
[PlyCount "60"]
[EventDate "2022.04.30"]
[EventType "team-tourn"]
[EventCountry "FRA"]
[SourceTitle "playchess.com"]
[Source "ChessBase"]
[SourceQuality "1"]
[WhiteTeam "Slovakia"]
[BlackTeam "Germany"]
[WhiteTeamCountry "SVK"]
[BlackTeamCountry "GER"]
[TimeControl "40/5400+30:1800+30"]

1. e4 c5 2. Nf3 d6 3. d4 cxd4 4. Nxd4 Nf6 5. Nc3 a6 6. Be3 e5 7. Nb3 Be7 8. f3 Be6 9. Qd2 O-O 10. O-O-O Nbd7 {[%emt 0:00:13] B90: Sicilian Najdorf: Unusual White 6th moves, 6 Be3 Ng4 and 6 Be3 e5.} 11. Nd5 Bxd5 12. exd5 a5 {[%emt 0:02:47] The position is equal.} 13. Kb1 a4 14. Nc1 {[%emt 0:00:10] [#]} Nb6 $146 ({Predecessor:} 14... a3 15. b3 e4 16. f4 Ng4 17. Bd4 Bf6 18. h3 e3 19. Bxe3 Nxe3 20. Qxe3 Re8 {0-1 (37) Salem,M (2200)-Udeshi,A (2368) Fujairah 2012}) 15. Bxb6 Qxb6 16. g4 Ra5 17. c4 Rc8 $36 {[%emt 0:07:32][%mdl 2048] Black is pushing.} 18. h4 Qc7 ({Black should play} 18... Rac5 $15) 19. Bd3 ({Better is} 19. Nd3 $11) 19... e4 $1 $15 20. Be2 Rc5 {[%emt 0:16:35][%cal Ob7b5,Ba5c5,Bc5c4,Bc4c2,Bc2b2,Bb2a2][%mdl 32] aiming for ...b5!} 21. f4 $2 {[%emt 0:08:34][%mdl 8192] [#] Now White is beyond hope.} (21. g5 $17 {was necessary.} exf3 22. Bxf3) 21... Nxd5 $1 {[%emt 0:01:39][%cal Ob7b5][%mdl 512] White must now prevent ...b5!} 22. g5 ({Not} 22. cxd5 $2 Rc2 23. g5 Rxd2 24. Rxd2 e3 $19) 22... Nb6 23. f5 $2 (23. a3 {was worth a try.}) 23... Nxc4 $19 24. Bxc4 Rxc4 25. Ne2 (25. f6 $142 gxf6 26. Qe3) 25... Rc2 26. Qe3 a3 27. Qxe4 Rxb2+ 28. Ka1 d5 29. Qd3 {[%emt 0:02:52] [#]} Qb6 (29... Rxe2 $142 $1 30. Qxe2 Qc3+ 31. Kb1 {[#]} Rc4 $1 32. Rd4 Qxd4 33. Qc2 Bd6 34. Rf1 Be5 35. Kc1 Qb2+ 36. Kd2 Rxc2+ 37. Ke3 Rc3#) 30. Rc1 {[%emt 0:01:23] [#]} Rxa2+ $1 {[%emt 0:00:10][%mdl 512] Weighted Error Value: White=1.28/Black=0.47} 0-1

[Event "Mitropa Cup Women 2022"]
[Site "Corte"]
[Date "2022.05.06"]
[Round "7.3"]
[White "Benmesbah, Natacha"]
[Black "Radikovic, Anamarija"]
[Result "1-0"]
[ECO "B51"]
[WhiteElo "2251"]
[BlackElo "2133"]
[Annotator "TA"]
[PlyCount "83"]
[EventDate "2022.04.30"]
[EventType "team-tourn"]
[EventCountry "FRA"]
[SourceTitle "playchess.com"]
[Source "ChessBase"]
[SourceQuality "1"]
[WhiteTeam "France"]
[BlackTeam "Croatia"]
[WhiteTeamCountry "FRA"]
[BlackTeamCountry "CRO"]
[TimeControl "40/5400+30:1800+30"]

1. e4 c5 2. Nf3 d6 3. Bb5+ Nd7 4. d4 cxd4 5. Qxd4 a6 6. Bxd7+ Qxd7 {[%emt 0:00:06] B51: Sicilian: Moscow Variation (3 Bb5+) without 3...Bd7.} 7. O-O $1 e5 8. Qd3 Qc6 {[%emt 0:02:13] White has an edge.} 9. c4 Be6 10. b3 Rc8 (10... b5 $5 ) 11. Bb2 Nf6 12. Nc3 Be7 {[%emt 0:02:20] [#]} 13. Rac1 $146 ({Predecessor:} 13. Rad1 O-O 14. Ng5 Bg4 15. Nd5 Bd8 16. Nxf6+ Bxf6 17. Nf3 Be7 18. Ba3 Rcd8 19. Qe3 {1-0 (79) Sivarajasingam,V (1668)-Ehsandar,P (1955) Bridgend 2017}) 13... O-O 14. Nd5 Bxd5 15. cxd5 Qb6 (15... Qb5 $11 16. Qe3 Qa5) 16. Nd2 $14 Qa7 17. Nc4 Nd7 18. Ba3 Nc5 19. Qe3 a5 20. Bxc5 Rxc5 21. a4 Qa6 22. Na3 {[%emt 0:06:14] Rxc5 is the strong threat.} Rfc8 23. Nb5 h6 24. Rxc5 {[%emt 0:01:04] White is more active.} Rxc5 25. Qh3 Qb6 26. Na3 Rc7 (26... Qb4 $5 27. Qd7 (27. Nc4 b5 $17) 27... Qxa3 28. Qxe7 Rc1 29. Qxb7 Rxf1+ 30. Kxf1 Qc1+ 31. Ke2 Qc2+ 32. Ke3 Qc3+ 33. Ke2 Qc2+ 34. Ke3 Qc3+ 35. Ke2 Qc2+ $11) 27. Nc4 Qb4 28. Qe3 Kh7 29. g3 Bd8 30. Kg2 f6 31. h4 b5 (31... h5 $14) 32. axb5 $16 Rb7 $2 {[%emt 0:00:04] This move loses the game for Black.} (32... a4 $16) 33. Rc1 Rxb5 34. Qf3 {[%emt 0:00:09] [#] And now Qf5+ would win.} Rb8 (34... Rc5 $142 35. Ra1 Kh8) 35. Qf5+ $18 Kh8 36. Qd7 Bb6 (36... Qb7 $142 37. Qxb7 (37. Qxd6 Qxb3 38. Qe6 Qb7 $18) 37... Rxb7 38. Nxd6 Rb8) 37. Nxd6 Qd2 (37... h5 $142 38. Rc6 Rd8 39. Nf7+ Kg8 40. Nxd8 Qxe4+ 41. Kh2 Qf3) 38. Rc8+ {[%emt 0:00:17] White is clearly winning.} Rxc8 39. Qxc8+ Kh7 40. Qf5+ Kh8 41. Nc4 Qb4 42. d6 {[%emt 0:00:00] Weighted Error Value: White=0.07 (flawless) /Black=0.22 (precise)} 1-0

[Event "Mitropa Cup Women 2022"]
[Site "Corte"]
[Date "2022.05.06"]
[Round "7.3"]
[White "Vidic, Teja"]
[Black "Hapala, Elisabeth"]
[Result "1-0"]
[ECO "B48"]
[WhiteElo "2168"]
[BlackElo "2116"]
[Annotator "TA"]
[PlyCount "43"]
[EventDate "2022.04.30"]
[EventType "team-tourn"]
[EventCountry "FRA"]
[SourceTitle "playchess.com"]
[Source "ChessBase"]
[SourceQuality "1"]
[WhiteTeam "Slovenia"]
[BlackTeam "Austria"]
[WhiteTeamCountry "SLO"]
[BlackTeamCountry "AUT"]
[TimeControl "40/5400+30:1800+30"]

1. e4 c5 2. Nf3 e6 3. d4 cxd4 4. Nxd4 Nc6 5. Nc3 Qc7 6. Be3 a6 7. Qf3 {[%emt 0:00:14] B48: Sicilian: Taimanov: 5 Nc3 Qc7 6 Be3 a6 without Be2.} Nf6 8. O-O-O Ne5 9. Qg3 {[%emt 0:00:18] White is slightly better.} b5 {[%emt 0:00:24] White must now prevent ...b4.} 10. a3 (10. f4 $5 Neg4 11. Bg1 $11) 10... Bb7 {[%emt 0:01:22] [#]} 11. Bxb5 $1 {[%emt 0:00:25][%cal Oh1e1] Strongly threatening Rhe1!} Rc8 $1 (11... axb5 12. Ndxb5 Qb8 13. Bb6 $16) (11... Nxe4 12. Nxe4 Bxe4 13. Bxd7+ $1 Qxd7 14. Qxe5 $16) 12. Ba4 {[%emt 0:00:49] [#]} ({Much worse is} 12. Bf4 {[#]} Nh5 $1 13. Nxe6 (13. Bxe5 $2 Nxg3 14. Bxc7 Nxh1 $19) 13... fxe6 14. Bxe5 Nxg3 $17) 12... Qa5 $146 (12... Nxe4 $11 {and Black stays safe.} 13. Nxe4 Bxe4) ({Predecessor:} 12... Nxe4 13. Nxe4 Bxe4 14. Bf4 Qa5 15. Bxe5 Qxa4 16. Rd2 f6 17. Bd6 Kf7 18. Re1 Bg6 {1-0 (66) Vachier Lagrave,M (2778)-Harikrishna,P (2729) Germany 2019}) 13. Nb3 $18 Nxe4 {[%emt 0:24:41] And now ...Qxc3 would win.} 14. Nxa5 Nxg3 15. hxg3 Bxg2 16. Rhe1 Bxa3 17. bxa3 Rxc3 18. Kb2 Rc8 19. Bf4 Nc6 20. Nc4 Ke7 21. Kc1 Kf6 22. Nb6 {[%emt 0:03:39] Weighted Error Value: White=0.20 (precise) /Black=0.59} ({Much less strong is} 22. Rxd7 Rhd8 23. Red1 Bf3 24. Rxd8 Nxd8 $18) 1-0